 Dungeon Crawl Stone Soup version 0.20.1-1-g8b1a95d (webtiles) character file.

100 Nattfarinn the Sneak (level 4, -9/21 HPs)
             Began as a Vine Stalker Enchanter on Aug 1, 2017.
             Mangled by vlindergert's ghost (15 damage)
             ... on level 3 of the Dungeon.
             The game lasted 00:03:38 (1905 turns).

Nattfarinn the Sneak (Vine Stalker Enchanter)       Turns: 1905, Time: 00:03:39

Health: -9/21      AC:  2    Str: 10    XL:     4   Next: 73%
Magic:  0/8        EV: 12    Int: 15    God:
Gold:   130        SH:  0    Dex: 16    Spells: 6/7 levels left

rFire    . . .     SeeInvis .   p - +2 short sword (freeze)
rCold    . . .     Gourm    .   (no shield)
rNeg     . . .     Faith    .   s - +0 robe (curse)
rPois    .         Spirit   +   (no helmet)
rElec    .         Reflect  .   (no cloak)
rCorr    .         Harm     .   (no gloves)
MR       .....                  (no boots)
Stlth    ++++......             (no amulet)
Regen    0.5/turn               (no ring)
MPRegen  0.2/turn               (no ring)

@: no status effects
A: fangs 2, regeneration 1, magic shield, antimagic bite, no potion heal 3, rot
immunity
a: no special abilities


You were on level 3 of the Dungeon.
You were not hungry.

You visited 1 branch of the dungeon, and saw 3 of its levels.

You collected 130 gold pieces.

Inventory:

Hand Weapons
 a - a +1 dagger
 p - a +2 short sword of freezing (weapon)
Armour
 b - a +0 robe
 s - a cursed +0 robe (worn)
Wands
 g - a wand of confusion (11/48)
Scrolls
 e - a scroll of random uselessness {unknown}
 f - a scroll of blinking {unknown}
 h - a scroll of amnesia {unknown}
 i - a scroll of teleportation {unknown}
 k - a scroll of magic mapping {unknown}
 m - 3 scrolls of identify {unknown}
 n - 4 scrolls of remove curse {unknown}
 r - 3 scrolls of immolation {unknown}
 t - a scroll of recharging {unknown}
Potions
 j - a potion of curing {unknown}
 o - 2 potions of might {unknown}
 q - a potion of degeneration {unknown}
 u - 2 potions of lignification {unknown}
Books
 c - a book of Maledictions

   Spells                             Type                      Level
   a - Corona                         Hexes                        1
   b - Ensorcelled Hibernation        Hexes/Ice                    2
   c - Confuse                        Hexes                        3
   d - Tukima's Dance                 Hexes                        3
   e - Dazzling Spray                 Conjuration/Hexes            3
Comestibles
 d - 4 bread rations
 l - 2 royal jellies


   Skills:
 - Level 0.8 Short Blades
 - Level 1.5 Dodging
 + Level 6.8 Stealth
 - Level 2.1 Spellcasting
 - Level 3.0 Hexes


You had 6 spell levels left.
You knew the following spells:

 Your Spells              Type           Power        Failure   Level  Hunger
a - Corona                Hex            ##.....      6%          1    #......


Dungeon Overview and Level Annotations

Branches:
Dungeon (3/15)

Altars:
Hepliaklqana
Trog

Annotations:
D:3 vlindergert's ghost, amateur MiFi


Innate Abilities, Weirdness & Mutations

You have extremely sharp teeth.
Your natural rate of healing is unusually fast.
When hurt, damage is shared between your health and your magic reserves.
Your bite disrupts and absorbs the magic of your enemies.
Potions cannot restore your health.
You are immune to rotting.


Message History

The bat is severely wounded.
The bat closely misses you. x2
You miss the bat.
The bat is severely wounded.
The bat hits you. The bat hits you but does no damage.
Vlindergert's ghost screams in joy, "As in life, so in death: Kill!
Kill!!
Kill!!!"
Vlindergert's ghost hits you. The bat closely misses you.
You hit the bat. You freeze the bat.
You kill the bat!
The bat barely misses you. Vlindergert's ghost misses you.
You barely miss vlindergert's ghost. Your bite misses vlindergert's ghost.
The bat barely misses you. The bat hits you but does no damage.
Vlindergert's ghost hits you.
You hit vlindergert's ghost but do no damage.
The bat hits you but does no damage. Vlindergert's ghost hits you!
Ouch! That really hurt!
* * * LOW HITPOINT WARNING * * *
The bat closely misses you. Vlindergert's ghost hits you!
Ouch! That really hurt!
You die...

## #.
#################.
#.............)...
#.###############.
#.# #.
..#####b#######
######.
......†@W......
.......
#..####.#######
####### #.# #. #.#
#.. #.# #.. #.#
#.# #.# #. #.# #.
##


You could see vlindergert's ghost and a bat.

Vanquished Creatures
  4 adders (D:2)
  An ooze (D:1)
  A worm (D:2)
  2 dart slugs (D:2)
  A leopard gecko (D:2)
  4 bats
  2 giant cockroaches
  7 goblins
  3 hobgoblins
  6 jackals
  7 frilled lizards
  6 kobolds
  8 rats
52 creatures vanquished.

Notes
Turn   | Place    | Note
-------+----------+-------------------------------------------
     0 | D:1      | Nattfarinn the Vine Stalker Enchanter began the quest for the Orb.
     0 | D:1      | Reached XP level 1. HP: 9/9 MP: 4/4
   311 | D:1      | Reached skill level 4 in Stealth
   365 | D:1      | Reached XP level 2. HP: 7/13 MP: 3/6
   860 | D:1      | Reached skill level 5 in Stealth
   991 | D:1      | Reached XP level 3. HP: 14/16 MP: 5/7
  1282 | D:2      | Reached skill level 6 in Stealth
  1341 | D:2      | Gained mutation: Your natural rate of healing is unusually fast. [Vine Stalker growth]
  1341 | D:2      | Reached XP level 4. HP: 6/21 MP: 8/8
  1432 | D:2      | Found a bloodstained altar of Trog.
  1445 | D:2      | Found a hazy altar of Hepliaklqana.
  1895 | D:3      | Noticed vlindergert's ghost (amateur MiFi)
  1905 | D:3      | Mangled by vlindergert's ghost

Skill      XL: |  1  2  3 |
---------------+----------+-----
Stealth        | 4 5 6 |  6.8
Short Blades   | |  0.8
Dodging        | |  1.5
Spellcasting   | |  2.1
Hexes          | |  3.0

Action                   |  1- 3 |  4- 6 || total
-------------------------+-------+-------++-------
Melee: Dagger            |    92 |       ||    92
       Bite              |    18 |     7 ||    25
       Short sword       |     2 |    45 ||    47
  Use: Potion            |       |     2 ||     2
 Stab: Sleeping          |    10 |     8 ||    18
  Eat: Chunk             |     1 |     2 ||     3
Armor: Robe              |    13 |     9 ||    22
Dodge: Dodged            |    42 |    24 ||    66
